Map: Ascension to Aiur LE

Players

Minatoeh (Minato)

  • Race: Zerg Zerg
  • League: Master
  • Spawn Location: 11:00

Stephano - Winner!

  • Race: Zerg Zerg
  • League: Grandmaster
  • Spawn Location: 5:00

Event: WESG Barcelona European Finals 2017

VOD

Have the link to the VOD?

Description

Time

  • Played on: Nov. 23, 2017, 8:40 a.m.
  • Length: 6:59

All games in this series

Show
View Real Time Build Order
Export as new Build Order

Minatoeh Zerg 

Build Orders: Hatch First, Zergling Baneling 

Get SALT Encoding   

  12  0:00  Drone  
  13  0:12  Overlord  
  13  0:17  Drone  
  14  0:31  Drone x2  
  14  0:34  Drone  
  17  0:52  Hatchery  
  17  0:55  Drone  
  17  0:58  Drone  
  17  1:03  Extractor  
  17  1:13  Spawning Pool  
  17  1:17  Drone  
  17  1:19  Drone  
  18  1:28  Drone  
  19  1:39  Overlord  
  19  1:51  Drone  
  22  2:01  Zergling x2  
  22  2:03  Metabolic Boost  
  22  2:04  Zergling x2  
  22  2:05  Queen  
  22  2:08  Queen  
  26  2:11  Drone  
  26  2:14  Drone  
  28  2:21  Drone  
  29  2:28  Baneling Nest  
  28  2:32  Drone  
  28  2:33  Zergling x2  
  31  2:37  Zergling x2  
  31  2:53  Zergling x4  
  31  2:54  Zergling x2  
  34  3:00  Zergling x2  
  35  3:09  Zergling x2  
  35  3:10  Overlord  
  36  3:13  Hatchery  
  35  3:22  Zergling x2  
  36  3:28  Baneling x3  
  36  3:29  Baneling x2  
  36  3:31  Zergling x2  
  36  3:32  Zergling x2  
  40  3:34  Zergling x2  
  40  3:38  Zergling x2  
  42  3:42  Zergling x4  
  42  3:43  Zergling x4  
  42  4:01  Zergling x4  
  43  4:08  Zergling x8  
  41  4:10  Baneling x6  
  41  4:16  Zergling x2  
  42  4:20  Zergling x2  
  43  4:27  Zergling x4  
  40  4:41  Zergling x6  
  40  4:44  Baneling x3  
  37  4:46  Drone  
  37  4:48  Zergling x10  
  37  4:49  Zergling x2  
  42  4:53  Zergling x2  
  42  4:55  Zergling x2  
  42  4:58  Baneling  
  42  4:59  Baneling  
  43  5:08  Zergling x6  
  43  5:14  Zergling x4  
  47  5:16  Zergling x2  
  48  5:26  Zergling x6  
  46  5:31  Zergling x4  
  46  5:35  Zergling x2  
  49  5:36  Zergling x2  
  48  5:44  Zergling x2  
  48  5:45  Zergling x2  
  48  5:46  Zergling x2  
  41  5:55  Zergling x6  
  42  6:02  Zergling x2  
  42  6:03  Zergling x2  
  43  6:06  Baneling x2  
  39  6:18  Baneling x6  
  36  6:23  Zergling x2  
  35  6:26  Zergling x2  
  35  6:27  Zergling x2  
  35  6:32  Zergling x2  
  35  6:35  Zergling x2  
Show
View Real Time Build Order
Export as new Build Order

Stephano Zerg - Winner!

Build Orders: Hatch First, Zergling Baneling 

Get SALT Encoding   

  12  0:01  Drone  
  13  0:13  Overlord  
  13  0:17  Drone  
  14  0:31  Drone x2  
  14  0:35  Drone  
  17  0:51  Hatchery  
  17  0:54  Drone  
  17  0:58  Drone  
  18  1:09  Extractor  
  17  1:12  Spawning Pool  
  17  1:15  Drone  
  17  1:18  Drone  
  18  1:29  Drone  
  19  1:40  Overlord  
  19  1:59  Queen  
  19  2:00  Zergling x2  
  19  2:01  Zergling x2  
  23  2:03  Zergling x2, Queen  
  26  2:11  Metabolic Boost  
  26  2:16  Drone x2  
  28  2:24  Drone  
  28  2:27  Drone  
  30  2:37  Queen  
  30  2:39  Drone x2  
  34  2:48  Hatchery  
  33  2:56  Baneling Nest  
  32  2:59  Zergling x4  
  34  3:07  Zergling x4  
  34  3:12  Overlord  
  36  3:17  Overlord  
  36  3:21  Overlord  
  35  3:27  Zergling x2  
  35  3:31  Zergling x4  
  35  3:32  Zergling x6  
  40  3:39  Baneling  
  40  3:40  Baneling x2  
  40  3:41  Zergling x2  
  41  3:43  Zergling x2  
  41  3:51  Baneling  
  37  4:02  Zergling x10  
  40  4:06  Zergling x4  
  39  4:10  Zergling x4  
  39  4:11  Baneling x2  
  39  4:14  Zergling x2  
  42  4:20  Zergling x4  
  44  4:27  Zergling x6  
  46  4:38  Zergling x4  
  46  4:41  Zergling x8, Baneling  
  46  4:42  Baneling x2  
  46  4:44  Zergling x2  
  47  4:47  Zergling x2  
  48  4:56  Zergling x4, Baneling  
  48  5:06  Zergling x4  
  48  5:07  Zergling x8  
  49  5:14  Zergling x4  
  49  5:20  Zergling x6  
  53  5:24  Zergling x4  
  52  5:30  Zergling x4  
  52  5:32  Baneling  
  52  5:33  Baneling x2  
  54  5:40  Zergling x6  
  56  5:44  Zergling x2  
  56  5:49  Zergling x4  
  57  5:57  Zergling x8  
  52  6:03  Zergling x4  
  57  6:08  Zergling x4  
  51  6:15  Zergling x6  
  51  6:17  Zergling x2  
  52  6:22  Zergling x4  
  50  6:27  Zergling x4  
  50  6:30  Zergling x2  
  47  6:33  Zergling x2  
  47  6:34  Baneling  
  47  6:38  Zergling x4  
Tags
 
Add a new tag
Caveats
  • Supply blocks, unpowered buildings, or Contaminate may cause inaccurate times.
  • Supply counts are checked every 10 seconds.